Map: Oxide LE

Players

TIME (Oliveira)

  • Race: Terran Terran

Bunny - Winner!

  • Race: Terran Terran
  • League: Bronze

Event: DreamHack SC2 Masters 2021 Fall

VOD

Have the link to the VOD?

Description

Time

  • Played on: Sept. 11, 2021, 10:03 a.m.
  • Length: 17:46

All games in this series

Show
View Real Time Build Order
Export as new Build Order

TIME Terran 

Build Orders: Reaper Expand 

Get SALT Encoding   

  12  0:00  SCV  
  13  0:12  SCV  
  14  0:17  Supply Depot  
  14  0:24  SCV  
  15  0:39  SCV  
  15  0:40  Barracks  
  16  0:43  Refinery  
  16  0:51  SCV  
  17  1:03  SCV  
  18  1:15  SCV  
  19  1:27  Reaper, Orbital Command  
  20  1:40  Command Center  
  20  1:50  Supply Depot  
  20  1:53  SCV  
  21  1:59  Marine  
  22  2:05  SCV  
  23  2:08  Factory  
  23  2:15  Bunker  
  23  2:17  SCV  
  23  2:21  Barracks Reactor  
  24  2:29  Refinery, SCV  
  25  2:41  SCV  
  24  2:53  SCV  
  24  2:56  Widow Mine  
  24  2:57  Marine x2  
  29  3:10  Orbital Command  
  28  3:13  Starport  
  28  3:15  Marine x2  
  28  3:19  SCV  
  30  3:24  Factory Tech Lab  
  30  3:32  Marine, Supply Depot  
  30  3:34  Marine  
  31  3:43  Cyclone  
  31  3:45  SCV  
  33  3:50  Marine  
  33  3:51  Marine  
  33  3:59  Orbital Command  
  33  4:03  Viking  
  33  4:08  Marine, SCV  
  33  4:09  Marine  
  38  4:14  Supply Depot  
  38  4:28  Supply Depot  
  38  4:35  Starport Tech Lab  
  38  4:49  SCV x2, Siege Tank  
  38  4:50  Supply Depot  
  45  4:52  Refinery  
  45  4:56  Raven  
  45  5:02  SCV  
  45  5:04  Supply Depot  
  46  5:11  Marine x2, SCV  
  49  5:14  SCV  
  49  5:18  Command Center  
  50  5:23  Siege Tank  
  50  5:24  SCV  
  50  5:27  SCV  
  55  5:35  Marine x2  
  57  5:39  SCV  
  58  5:44  Raven, SCV  
  58  5:47  Supply Depot  
  61  5:51  Refinery, SCV  
  62  5:57  SCV  
  62  6:04  Supply Depot  
  62  6:08  Marine x2  
  62  6:09  SCV x2, Siege Tank  
  69  6:21  SCV  
  70  6:26  SCV  
  70  6:27  Barracks  
  70  6:28  Barracks  
  70  6:31  Orbital Command  
  71  6:33  SCV  
  71  6:38  SCV  
  73  6:42  Viking x2  
  73  6:45  Marine, SCV  
  79  6:47  Stimpack  
  79  6:50  SCV  
  79  6:56  Siege Tank  
  82  7:03  Marine  
  82  7:04  SCV  
  82  7:07  SCV x2  
  83  7:15  Viking x2  
  87  7:16  SCV  
  87  7:17  Barracks Reactor x2  
  87  7:19  SCV  
  83  7:37  SCV, Siege Tank  
  69  7:42  SCV  
  63  7:46  Engineering Bay x2  
  63  7:47  Orbital Command  
  63  7:48  Viking x2  
  63  7:49  Marine  
  69  7:51  SCV  
  69  7:55  SCV  
  69  7:56  Marine x2  
  69  7:57  Barracks  
  72  7:58  Barracks  
  72  8:01  Marine x2  
  72  8:03  SCV  
  75  8:07  SCV  
  75  8:11  Siege Tank  
  79  8:16  Marine  
  75  8:21  Marine x2  
  75  8:22  SCV  
  75  8:26  Viking  
  78  8:29  SCV  
  78  8:32  Marine x2  
  79  8:34  SCV  
  79  8:35  Viking  
  79  8:36  Terran Infantry Armor Level 1, Terran Infantry Weapons Level 1  
  79  8:38  Orbital Command  
  79  8:39  Marine  
  83  8:41  SCV  
  83  8:44  Supply Depot  
  83  8:46  SCV  
  85  8:51  Barracks Reactor x2  
  85  8:53  Siege Tank  
  85  8:54  SCV  
  89  8:57  Marine x2  
  89  8:59  SCV  
  92  9:05  SCV  
  92  9:06  SCV  
  93  9:10  Combat Shield  
  93  9:17  Marine  
  93  9:20  SCV  
  93  9:21  Marine  
  93  9:23  SCV  
  100  9:24  Refinery  
  100  9:25  Refinery, Supply Depot  
  100  9:27  Supply Depot  
  100  9:32  Marine  
  100  9:33  Siege Tank  
  100  9:34  Starport Reactor  
  100  9:35  SCV  
  100  9:36  SCV  
  100  9:37  SCV, Armory  
  103  9:42  Command Center  
  103  9:46  Sensor Tower  
  103  9:51  Marine  
  104  9:53  Marine x2  
  104  9:54  Marine x3  
  104  9:55  Supply Depot, SCV x2  
  104  9:56  SCV  
  104  9:59  Marine x2  
  114  10:01  Marine  
  115  10:07  SCV, Siege Tank  
  115  10:09  Marine  
  115  10:11  Marine x2, Medivac  
  124  10:15  Missile Turret  
  124  10:16  Medivac  
  124  10:17  Marine x2, Supply Depot  
  124  10:18  Marine, Supply Depot  
  127  10:33  Marine x3  
  128  10:38  Marine  
  128  10:41  Marine, Siege Tank  
  133  10:48  Marine  
  119  10:50  Marine  
  119  10:51  Marine  
  119  10:55  Barracks Reactor  
  119  10:56  Marine, SCV  
  114  11:04  Marine  
  112  11:05  Armory  
  112  11:08  Barracks Reactor, Marine, Refinery  
  112  11:09  Barracks  
  114  11:13  Marine x2  
  114  11:15  SCV x2, Barracks  
  114  11:16  Viking x2, Missile Turret  
  114  11:17  Siege Tank, Missile Turret  
  114  11:18  Missile Turret  
  125  11:21  SCV  
  125  11:22  Marine x2  
  128  11:26  Marine  
  128  11:31  Factory  
  129  11:35  Marine x2  
  129  11:39  Marine x2, SCV  
  132  11:43  SCV  
  132  11:44  Marine  
  132  11:46  Marine x2, Missile Turret  
  138  11:48  Medivac x2  
  138  11:50  Siege Tank  
  138  11:52  Supply Depot x2  
  138  11:53  Terran Infantry Weapons Level 2  
  145  11:59  Terran Infantry Armor Level 2  
  145  12:01  Terran Vehicle Weapons Level 1  
  145  12:07  Barracks Reactor  
  145  12:08  Marine  
  145  12:09  Marine  
  145  12:14  Marine x2  
  145  12:15  Factory Tech Lab  
  149  12:17  Marine  
  149  12:18  Marine  
  149  12:19  SCV  
  151  12:26  Marine  
  152  12:30  Marine x2  
  152  12:31  Siege Tank  
  152  12:32  Viking x2  
  161  12:42  Marine x2  
  161  12:44  Planetary Fortress  
  163  12:45  Sensor Tower  
  163  12:46  Marine x2  
  163  12:49  Siege Tank  
  168  12:51  Supply Depot x2  
  168  12:55  Supply Depot  
  168  12:56  Supply Depot  
  168  13:02  Marine x2  
  168  13:05  Siege Tank  
  173  13:06  Viking x2  
  173  13:07  Marine x3  
  173  13:12  Marine x2  
  180  13:16  Supply Depot  
  180  13:17  Marine  
  180  13:19  Marine  
  184  13:20  Marine  
  184  13:24  Marine  
  184  13:25  Marine  
  187  13:27  Marine  
  187  13:32  Siege Tank  
  191  13:37  Marine x3  
  191  13:43  Marine x2  
  191  13:47  Siege Tank  
  189  13:50  Marine  
  189  13:51  Marine x3  
  166  13:55  Marine  
  166  13:59  Marine x2  
  166  14:01  Marine x2  
  166  14:02  Viking x2  
  138  14:07  Marine  
  138  14:09  Marine, Terran Vehicle Weapons Level 2  
  138  14:12  Marine x2  
  138  14:13  Siege Tank, Missile Turret  
  138  14:14  Marine, Missile Turret  
  144  14:17  Marine  
  144  14:19  Marine  
  144  14:20  Command Center  
  146  14:24  Marine  
  146  14:29  Marine  
  147  14:36  Marine x2  
  143  14:40  Marine x2  
  143  14:41  Medivac x2, Siege Tank  
  147  14:50  Marine  
  147  14:51  Marine  
  147  14:52  Marine x3  
  141  14:53  Siege Tank  
  141  14:55  Marine x2  
  141  14:58  Marine  
  140  15:06  Terran Infantry Armor Level 3, Terran Infantry Weapons Level 3  
  138  15:07  Marine  
  138  15:12  Marine x3  
  142  15:16  Marine x3  
  145  15:22  Marine  
  145  15:23  Marine  
  145  15:25  Marine  
  145  15:26  Sensor Tower  
  148  15:32  Marine  
  148  15:34  Marine x2  
  144  15:36  Marine x2  
  144  15:39  Marine  
  144  15:40  Sensor Tower  
  147  15:44  Marine x2  
  147  15:45  Marine  
  147  15:49  Siege Tank x2  
  156  15:50  Marine  
  156  15:51  Marine  
  156  15:52  Marine  
  156  15:54  Marine x2  
  161  15:57  Marine  
  161  16:02  Marine x3  
  165  16:08  Marine  
  165  16:09  Marine  
  161  16:12  Medivac x2  
  161  16:14  Marine x2  
  161  16:16  Marine  
  166  16:18  Planetary Fortress  
  166  16:19  Marine  
  157  16:27  Marine x3  
  157  16:31  Siege Tank x2  
  166  16:35  Marine  
  166  16:36  Marine x2  
  169  16:41  Marine x3  
  169  16:45  Marine  
  170  16:53  Marine x4  
  149  16:55  Medivac x2  
  149  16:56  Marine  
  149  16:59  Marine  
  149  17:00  Marine  
  156  17:03  Marine x2, Starport  
  156  17:04  Starport  
  158  17:11  Marine x2  
  159  17:16  Marine x2  
  159  17:20  Marine x2  
Show
View Real Time Build Order
Export as new Build Order

Bunny Terran - Winner!

Build Orders:  

Get SALT Encoding   

  12  0:00  SCV  
  13  0:12  SCV  
  14  0:17  Supply Depot  
  14  0:24  SCV  
  15  0:39  SCV  
  15  0:40  Barracks  
  16  0:45  Refinery  
  16  0:51  SCV  
  17  0:57  Refinery  
  17  1:03  SCV  
  18  1:15  SCV  
  19  1:27  Orbital Command, Barracks Tech Lab  
  19  1:36  Supply Depot  
  19  1:46  Concussive Shells, Marauder  
  21  1:55  Factory  
  21  1:59  SCV  
  22  2:07  Marauder  
  24  2:11  SCV  
  25  2:23  SCV  
  25  2:29  Marauder  
  28  2:35  SCV  
  29  2:38  Hellion  
  29  2:42  Supply Depot  
  31  3:03  SCV, Hellion, Marauder  
  36  3:15  SCV  
  36  3:23  Command Center  
  36  3:27  SCV  
  36  3:30  Factory Tech Lab  
  37  3:41  SCV  
  38  3:46  Starport  
  36  3:50  Cyclone  
  39  3:59  Supply Depot  
  39  4:00  Supply Depot  
  39  4:19  SCV  
  38  4:25  Barracks  
  38  4:31  SCV  
  38  4:32  Raven  
  38  4:35  Orbital Command, Factory Tech Lab  
  41  4:41  Refinery  
  41  4:43  SCV  
  42  4:53  Siege Tank  
  42  4:55  SCV  
  46  5:04  SCV  
  47  5:07  SCV  
  47  5:12  Barracks Reactor  
  48  5:15  Command Center  
  48  5:16  SCV  
  48  5:18  Raven  
  48  5:19  SCV  
  52  5:23  Refinery  
  52  5:24  Supply Depot  
  52  5:28  SCV  
  52  5:31  Siege Tank  
  52  5:32  SCV  
  57  5:35  Supply Depot  
  57  5:40  SCV  
  58  5:44  SCV  
  58  5:47  Supply Depot  
  58  5:49  Marine x2  
  61  5:52  SCV  
  61  5:56  SCV  
  62  6:03  Siege Tank  
  65  6:05  SCV  
  65  6:06  Supply Depot  
  65  6:08  SCV  
  67  6:14  Viking x2  
  67  6:17  SCV  
  72  6:18  Marine  
  72  6:19  Stimpack  
  72  6:20  SCV  
  74  6:29  SCV  
  74  6:32  Orbital Command  
  73  6:35  Siege Tank  
  73  6:36  Marine  
  73  6:37  SCV  
  78  6:41  SCV  
  78  6:44  Viking x2  
  83  6:49  SCV  
  83  6:53  SCV  
  85  6:54  Marine, Barracks  
  85  6:58  Barracks  
  86  7:02  Orbital Command  
  86  7:09  Siege Tank  
  86  7:12  Marine, SCV x2  
  86  7:14  Viking x2  
  96  7:24  SCV x2  
  90  7:32  Marine  
  90  7:36  SCV x2  
  78  7:41  Siege Tank  
  78  7:43  Barracks Reactor  
  78  7:44  Viking x2  
  78  7:48  SCV x2  
  82  7:53  SCV  
  82  7:55  Barracks Reactor  
  82  7:56  Engineering Bay  
  82  7:57  Marine, Engineering Bay  
  84  8:00  SCV x2  
  84  8:05  SCV  
  87  8:12  SCV x2  
  88  8:13  Siege Tank  
  88  8:14  Viking x2  
  94  8:21  Marine x3  
  94  8:27  SCV x3  
  97  8:31  Combat Shield  
  97  8:33  Marine x2  
  97  8:34  Barracks  
  100  8:35  Barracks  
  100  8:37  Refinery  
  100  8:39  Marine x3, Refinery  
  103  8:44  Medivac x2  
  107  8:48  Supply Depot  
  107  8:49  Siege Tank  
  107  8:51  SCV x2  
  107  8:52  SCV  
  107  8:55  Terran Infantry Weapons Level 1  
  111  8:58  Supply Depot  
  111  8:59  Terran Infantry Armor Level 1  
  111  9:03  Marine x4  
  111  9:04  Marine  
  116  9:14  Medivac x2  
  118  9:22  Barracks Reactor x2  
  118  9:25  Marine x4  
  118  9:26  Marine  
  118  9:29  Sensor Tower  
  123  9:31  Siege Tank  
  123  9:32  Supply Depot  
  126  9:42  Marine  
  126  9:43  Marine x4  
  131  9:48  Viking  
  133  9:53  Viking  
  133  9:55  Command Center  
  135  10:00  Marine  
  135  10:01  Marine x2  
  135  10:02  Marine x3  
  135  10:05  Supply Depot  
  135  10:06  Supply Depot  
  140  10:13  Supply Depot, Armory  
  140  10:18  Marine  
  141  10:26  Marine x2  
  141  10:27  Siege Tank  
  146  10:33  Marine  
  146  10:34  Marine x5  
  152  10:36  Marine  
  152  10:38  Medivac x2  
  155  10:44  Marine x2  
  145  10:51  Marine  
  131  10:57  Marine x6  
  131  10:59  Siege Tank  
  131  11:00  Terran Infantry Armor Level 2, Terran Infantry Weapons Level 2  
  131  11:02  Marine  
  141  11:04  Factory  
  138  11:11  SCV  
  138  11:12  SCV x2  
  138  11:17  Marine, Medivac x2  
  138  11:18  Marine x3  
  149  11:19  Marine  
  149  11:21  Marine  
  151  11:27  Marine  
  151  11:31  Siege Tank  
  155  11:36  Sensor Tower, SCV x2  
  155  11:37  SCV  
  158  11:40  Planetary Fortress  
  158  11:42  Marine  
  158  11:43  Marine x3  
  158  11:45  Marine  
  158  11:46  Marine  
  164  11:48  Marine x2  
  164  11:49  Marine  
  167  12:02  Marine x4  
  167  12:03  Marine x2, Siege Tank  
  167  12:06  Marine x2, Viking  
  180  12:12  Supply Depot  
  180  12:13  Supply Depot  
  179  12:22  Viking  
  179  12:29  Factory Tech Lab  
  180  12:31  Starport  
  180  12:32  Starport  
  180  12:36  Viking  
  182  12:41  Marine  
  182  12:42  Marine x5  
  183  12:45  Siege Tank  
  186  12:52  Viking  
  186  12:54  Refinery x2  
  186  12:55  Siege Tank  
  191  13:00  Terran Vehicle Weapons Level 1  
  191  13:02  Command Center  
  191  13:06  Marine x3, Viking  
  191  13:08  Starport Reactor  
  191  13:09  Starport Reactor  
  196  13:26  Marine, Barracks  
  196  13:27  Barracks  
  196  13:29  Barracks  
  196  13:32  Terran Infantry Armor Level 3, Terran Infantry Weapons Level 3  
  196  13:46  Marine  
  196  13:47  Marine  
  196  13:48  Marine x6, Viking  
  196  13:49  Marine, Siege Tank  
  196  13:50  Siege Tank  
  173  14:00  Medivac x2  
  173  14:01  Medivac  
  156  14:03  Viking  
  156  14:04  Marine  
  156  14:05  Marine  
  156  14:06  Marine, Medivac  
  156  14:15  Planetary Fortress  
  153  14:18  Viking  
  153  14:19  SCV x3  
  153  14:21  Siege Tank  
  153  14:22  Siege Tank  
  163  14:28  Marine  
  163  14:29  Marine x6  
  163  14:30  Liberator  
  173  14:35  Liberator  
  168  14:49  Marine x8  
  165  14:53  Siege Tank, Liberator  
  165  14:54  Siege Tank  
  165  14:57  Liberator  
  177  15:01  Viking  
  177  15:02  Liberator  
  180  15:11  Terran Vehicle Weapons Level 2  
  180  15:13  Viking  
  181  15:22  Marine x8  
  181  15:25  Siege Tank  
  181  15:26  Siege Tank  
  191  15:37  Viking x2  
  191  15:40  Viking  
  197  15:52  Command Center  
  197  15:54  Marine x2  
  197  15:55  Marine  
  200  16:02  Barracks Reactor x2  
  190  16:11  Siege Tank x2  
  190  16:12  Marine x4  
  190  16:15  Barracks Reactor  
  190  16:29  Marine x5  
  190  16:30  Marine x4  
  190  16:32  Hi-Sec Auto Tracking  
  199  16:47  Marine  
  199  16:52  Liberator x3  
  190  16:54  Liberator x2  
  196  17:01  Marine x4  
  196  17:06  Planetary Fortress  
  196  17:07  Sensor Tower  
  200  17:10  Marine x3  
  200  17:35  Refinery, Sensor Tower, Missile Turret  
  200  17:36  Refinery, Missile Turret  

Tags
 
Add a new tag
Caveats
  • Supply blocks, unpowered buildings, or Contaminate may cause inaccurate times.
  • Supply counts are checked every 10 seconds.